[ PARTIDA AOE2 · #504621055 ]
UnrankedSicilianos vs Maya
Equipo del jugador · DERR
Equipo rival · VICT
[ ANÁLISIS DE REPETICIÓN · EXTRAÍDO DE LA PARTIDA GRABADA ]
Feudal
12:39
Castillos
20:26
Imperial
—
| APM promedio | 50.1 |
| APM pico | 69 |
| eAPM promedio | 25.9 |
| Aldeanos / militares | 155 / 77 |
Foco
⚔️ 44.9% · 🌾 55.1%
Archer ×57 · Skirmisher ×10 · Militia ×5 · Mangonel ×5
Feudal
9:40
Castillos
22:00
Imperial
40:23
| APM promedio | 67.2 |
| APM pico | 112 |
| eAPM promedio | 22.6 |
| Aldeanos / militares | 109 / 103 |
Foco
⚔️ 41.9% · 🌾 58.1%
Plumed Archer ×59 · Archer ×30 · Militia ×7 · Mangonel ×4 · Trebuchet (Packed) ×3
Mapa de la partida
Recursos iniciales + cada clic de construcción. Líneas = muros · curvas = relieve. ◆ oro · ⬟ piedra · ● bayas · ✦ reliquia · ◌ hueco del cierre
Tu base· ✓ Cerrada en 20:26 · 39t muro · 1 puerta(s)
Base de MelkorAJ· ✓ Cerrada en 22:00 · 53t muro · 1 puerta(s)
Terreno inicial suavizado · ◌ = hueco del cierre detectado · pasá el cursor para detalles
Inputs por minuto
— ArcherX - - MelkorAJ
Build order — ArcherX
Primeras 150 de 306 acciones detectadas
| 0:01 | Crear | Villager (Male) |
| 0:02 | Construir | House |
| 0:03 | Construir | House |
| 0:06 | Crear | Villager (Male) |
| 0:16 | Crear | Villager (Male) |
| 0:30 | Crear | Villager (Male) |
| 1:26 | Crear | Villager (Male) |
| 1:59 | Construir | Lumber Camp |
| 2:04 | Crear | Villager (Male) |
| 2:19 | Crear | Villager (Male) |
| 2:45 | Crear | Villager (Male) |
| 3:11 | Crear | Villager (Male) |
| 3:31 | Crear | Villager (Male) |
| 3:53 | Construir | House |
| 3:55 | Crear | Villager (Male) |
| 4:08 | Construir | House |
| 4:14 | Construir | Mill |
| 4:18 | Crear | Villager (Male) |
| 4:38 | Crear | Villager (Male) |
| 4:59 | Construir | Barracks |
| 5:02 | Crear | Villager (Male) |
| 5:16 | Crear | Villager (Male) |
| 5:18 | Construir | House |
| 5:19 | Construir | Palisade Wall |
| 5:47 | Crear | Villager (Male) |
| 5:56 | Crear | Militia ×2 |
| 6:22 | Construir | Mill |
| 6:27 | Crear | Villager (Male) |
| 6:40 | Crear | Militia |
| 6:46 | Construir | Palisade Wall |
| 7:04 | Crear | Villager (Male) |
| 7:16 | Construir | House |
| 7:17 | Construir | Palisade Wall |
| 7:22 | Crear | Villager (Male) |
| 7:26 | Construir | Palisade Wall |
| 7:27 | Construir | Palisade Wall |
| 7:36 | Crear | Villager (Male) |
| 8:14 | Crear | Villager (Male) |
| 8:17 | Construir | House |
| 8:18 | Construir | Palisade Wall |
| 8:25 | Construir | Mining Camp |
| 8:30 | Crear | Villager (Male) |
| 9:09 | Crear | Villager (Male) |
| 9:09 | Crear | Villager (Male) |
| 9:20 | Construir | Farm |
| 9:22 | Construir | Farm |
| 9:40 | Investigar | Loom |
| 9:54 | Investigar | Loom |
| 9:58 | Construir | Farm |
| 10:29 | Investigar | Feudal Age |
| 11:18 | Construir | House |
| 11:30 | Crear | Militia |
| 11:33 | Construir | Farm |
| 11:35 | Construir | Farm |
| 11:37 | Construir | Farm |
| 11:51 | Crear | Militia |
| 11:59 | Construir | Farm |
| 12:39 | Edad | Edad Feudal |
| 12:41 | Investigar | Man-at-Arms (upgrade) |
| 12:42 | Crear | Villager (Male) |
| 12:44 | Construir | Archery Range |
| 12:59 | Investigar | Double-Bit Axe |
| 13:00 | Crear | Villager (Male) |
| 13:17 | Crear | Villager (Male) |
| 13:37 | Crear | Villager (Male) |
| 13:38 | Construir | Farm |
| 13:40 | Crear | Archer |
| 13:59 | Crear | Villager (Male) |
| 14:01 | Crear | Skirmisher |
| 14:04 | Construir | Palisade Gate |
| 14:20 | Construir | Farm |
| 14:33 | Crear | Villager (Male) |
| 14:36 | Crear | Skirmisher |
| 14:46 | Construir | Blacksmith |
| 14:53 | Crear | Villager (Male) |
| 14:58 | Construir | Farm |
| 15:05 | Crear | Skirmisher |
| 15:34 | Crear | Skirmisher |
| 15:36 | Investigar | Padded Archer Armor |
| 15:38 | Crear | Villager (Male) |
| 15:40 | Construir | House |
| 15:44 | Construir | Farm |
| 15:59 | Crear | Skirmisher |
| 16:00 | Crear | Villager (Male) |
| 16:02 | Crear | Archer |
| 16:40 | Crear | Skirmisher |
| 17:21 | Construir | Archery Range |
| 17:46 | Investigar | Castle Age |
| 17:47 | Crear | Archer |
| 17:48 | Crear | Archer |
| 18:06 | Construir | Palisade Gate |
| 18:16 | Construir | Lumber Camp |
| 18:20 | Crear | Archer |
| 18:22 | Crear | Archer ×2 |
| 19:00 | Crear | Archer |
| 19:01 | Crear | Archer |
| 19:08 | Investigar | Fletching |
| 19:11 | Construir | Farm |
| 19:20 | Construir | Farm |
| 19:37 | Crear | Archer |
| 19:41 | Construir | Farm |
| 20:05 | Crear | Archer |
| 20:06 | Crear | Archer |
| 20:26 | Edad | Edad de los Castillos |
| 20:26 | Investigar | Crossbowman (upgrade) |
| 20:28 | Crear | Villager (Male) |
| 20:30 | Construir | University |
| 20:35 | Crear | Archer |
| 20:36 | Crear | Villager (Male) |
| 20:52 | Investigar | Bodkin Arrow |
| 20:54 | Crear | Villager (Male) |
| 20:55 | Crear | Archer |
| 20:57 | Construir | Farm |
| 21:09 | Crear | Villager (Male) |
| 21:25 | Crear | Archer |
| 21:32 | Crear | Villager (Male) |
| 21:43 | Crear | Archer |
| 21:45 | Crear | Villager (Male) |
| 21:54 | Crear | Archer |
| 22:01 | Crear | Archer |
| 22:31 | Crear | Archer ×3 |
| 22:33 | Crear | Villager (Male) |
| 22:35 | Construir | House |
| 22:52 | Investigar | Ballistics |
| 23:05 | Crear | Archer |
| 23:12 | Crear | Villager (Male) |
| 23:19 | Construir | Farm |
| 23:24 | Crear | Archer |
| 23:26 | Crear | Villager (Male) |
| 23:26 | Crear | Villager (Male) |
| 23:44 | Crear | Villager (Male) |
| 23:46 | Construir | House |
| 23:48 | Crear | Villager (Male) |
| 23:54 | Crear | Archer ×2 |
| 23:55 | Crear | Villager (Male) |
| 24:12 | Crear | Archer ×2 |
| 24:23 | Crear | Villager (Male) |
| 24:24 | Construir | Farm |
| 24:33 | Construir | House |
| 24:37 | Construir | House |
| 24:38 | Construir | House |
| 24:57 | Crear | Archer ×3 |
| 24:57 | Crear | Archer ×3 |
| 24:58 | Crear | Villager (Male) ×5 |
| 25:08 | Crear | Villager (Male) |
| 25:44 | Crear | Villager (Male) |
| 25:49 | Construir | Palisade Wall |
| 25:54 | Crear | Archer ×5 |
| 25:56 | Crear | Villager (Male) |
| 26:16 | Construir | Town Center |
Build order — MelkorAJ
Primeras 150 de 362 acciones detectadas
| 0:00 | Crear | Villager (Male) |
| 0:01 | Construir | House |
| 0:02 | Construir | House |
| 0:04 | Investigar | Loom |
| 0:04 | Crear | Villager (Male) |
| 0:20 | Crear | Villager (Male) |
| 0:20 | Crear | Villager (Male) |
| 1:26 | Crear | Villager (Male) |
| 1:45 | Construir | Lumber Camp |
| 1:59 | Crear | Villager (Male) |
| 2:10 | Crear | Villager (Male) |
| 2:46 | Crear | Villager (Male) |
| 3:15 | Crear | Villager (Male) |
| 3:16 | Crear | Villager (Male) |
| 3:32 | Crear | Villager (Male) |
| 3:45 | Construir | House |
| 4:07 | Crear | Villager (Male) |
| 4:11 | Crear | Villager (Male) |
| 4:53 | Crear | Villager (Male) |
| 4:55 | Construir | Barracks |
| 5:00 | Crear | Villager (Male) |
| 5:26 | Construir | House |
| 5:43 | Crear | Villager (Male) |
| 5:57 | Crear | Villager (Male) |
| 6:18 | Construir | House |
| 6:32 | Crear | Villager (Male) |
| 7:03 | Investigar | Loom |
| 7:13 | Construir | Mill |
| 7:30 | Investigar | Feudal Age |
| 7:53 | Crear | Militia |
| 8:16 | Crear | Militia |
| 8:33 | Crear | Militia |
| 8:34 | Construir | Mining Camp |
| 8:36 | Construir | Palisade Wall |
| 8:39 | Construir | Palisade Wall |
| 8:44 | Construir | Palisade Wall |
| 8:45 | Construir | Palisade Wall |
| 8:47 | Construir | Palisade Wall |
| 9:04 | Crear | Villager (Male) |
| 9:09 | Construir | Palisade Wall |
| 9:10 | Construir | Palisade Wall |
| 9:11 | Construir | Palisade Wall |
| 9:11 | Construir | Palisade Wall |
| 9:13 | Construir | Palisade Wall |
| 9:39 | Construir | Palisade Wall |
| 9:40 | Edad | Edad Feudal |
| 9:40 | Construir | Palisade Wall |
| 9:41 | Construir | Palisade Wall |
| 9:41 | Construir | Palisade Wall |
| 9:43 | Investigar | Double-Bit Axe |
| 9:44 | Investigar | Man-at-Arms (upgrade) |
| 10:04 | Crear | Villager (Male) |
| 10:12 | Construir | Archery Range |
| 10:29 | Construir | Farm |
| 10:30 | Crear | Villager (Male) |
| 10:51 | Construir | House |
| 10:53 | Crear | Villager (Male) |
| 11:08 | Crear | Archer |
| 11:16 | Construir | Farm |
| 11:20 | Construir | Farm |
| 11:21 | Crear | Villager (Male) |
| 11:26 | Construir | Palisade Wall |
| 11:43 | Crear | Villager (Male) |
| 11:45 | Crear | Archer |
| 11:48 | Construir | Farm |
| 11:50 | Construir | Farm |
| 12:09 | Crear | Villager (Male) |
| 12:14 | Crear | Archer |
| 12:18 | Construir | House |
| 12:32 | Construir | Blacksmith |
| 12:33 | Crear | Villager (Male) |
| 12:52 | Construir | Farm |
| 12:56 | Construir | House |
| 12:57 | Crear | Archer |
| 13:03 | Crear | Villager (Male) |
| 13:10 | Construir | House |
| 13:21 | Construir | Palisade Wall |
| 13:30 | Crear | Archer |
| 13:35 | Crear | Villager (Male) |
| 13:38 | Construir | Farm |
| 13:48 | Construir | House |
| 13:54 | Crear | Villager (Male) |
| 14:00 | Investigar | Fletching |
| 14:19 | Crear | Archer |
| 14:33 | Crear | Militia |
| 14:34 | Investigar | Scale Mail Armor |
| 14:35 | Crear | Villager (Male) |
| 14:40 | Construir | House |
| 14:42 | Construir | Farm |
| 14:43 | Construir | Farm |
| 14:52 | Crear | Archer |
| 15:01 | Construir | Farm |
| 15:06 | Crear | Villager (Male) |
| 15:12 | Construir | Palisade Wall |
| 15:38 | Crear | Militia |
| 15:39 | Crear | Archer |
| 15:40 | Crear | Villager (Male) |
| 15:51 | Construir | Farm |
| 15:53 | Construir | Farm |
| 15:56 | Construir | House |
| 15:59 | Construir | Palisade Wall |
| 16:10 | Crear | Villager (Male) |
| 16:15 | Crear | Militia |
| 16:16 | Crear | Archer |
| 16:17 | Crear | Villager (Male) |
| 16:44 | Crear | Villager (Male) |
| 17:15 | Crear | Villager (Male) |
| 17:16 | Crear | Militia |
| 17:17 | Crear | Archer |
| 17:27 | Construir | Farm |
| 17:34 | Construir | Farm |
| 17:36 | Construir | Farm |
| 17:42 | Construir | Palisade Wall |
| 17:47 | Crear | Archer |
| 17:52 | Construir | Archery Range |
| 17:53 | Crear | Villager (Male) |
| 17:57 | Construir | Farm |
| 17:58 | Construir | Farm |
| 18:18 | Crear | Villager (Male) |
| 18:23 | Construir | Palisade Wall |
| 18:27 | Construir | House |
| 18:27 | Construir | House |
| 18:55 | Crear | Villager (Male) |
| 19:02 | Construir | Farm |
| 19:09 | Construir | Palisade Wall |
| 19:15 | Investigar | Castle Age |
| 19:21 | Construir | Palisade Wall |
| 19:22 | Construir | Palisade Wall |
| 19:32 | Crear | Archer |
| 19:32 | Crear | Archer |
| 19:37 | Investigar | Gold Mining |
| 19:54 | Construir | Palisade Gate |
| 20:07 | Crear | Archer |
| 20:07 | Crear | Archer |
| 20:14 | Investigar | Padded Archer Armor |
| 20:29 | Construir | Mining Camp |
| 20:35 | Crear | Archer |
| 20:35 | Crear | Archer |
| 20:52 | Crear | Archer |
| 20:52 | Crear | Archer |
| 20:58 | Construir | Palisade Wall |
| 21:13 | Investigar | Stone Mining |
| 21:16 | Investigar | Horse Collar |
| 21:20 | Construir | Lumber Camp |
| 21:38 | Construir | Palisade Wall |
| 22:00 | Edad | Edad de los Castillos |
| 22:03 | Investigar | Crossbowman (upgrade) |
| 22:05 | Investigar | Bodkin Arrow |
| 22:08 | Crear | Villager (Male) |
| 22:28 | Crear | Villager (Male) |
Cronología de la partida
| 4:55 | MelkorAJ · first_building Barracks |
| 4:59 | ArcherX · first_building Barracks |
| 5:19 | ArcherX · wall_segment Palisade Wall x1 |
| 6:46 | ArcherX · wall_segment Palisade Wall x6 |
| 7:17 | ArcherX · wall_segment Palisade Wall x8 |
| 7:26 | ArcherX · wall_segment Palisade Wall x14 |
| 7:27 | ArcherX · wall_segment Palisade Wall x4 |
| 8:18 | ArcherX · wall_segment Palisade Wall x6 |
| 8:36 | MelkorAJ · wall_segment Palisade Wall x1 |
| 8:39 | MelkorAJ · wall_segment Palisade Wall x1 |
| 8:44 | MelkorAJ · wall_segment Palisade Wall x1 |
| 8:45 | MelkorAJ · wall_segment Palisade Wall x1 |
| 8:47 | MelkorAJ · wall_segment Palisade Wall x1 |
| 9:09 | MelkorAJ · wall_segment Palisade Wall x1 |
| 9:10 | MelkorAJ · wall_segment Palisade Wall x1 |
| 9:11 | MelkorAJ · wall_segment Palisade Wall x1 |
| 9:11 | MelkorAJ · wall_segment Palisade Wall x1 |
| 9:13 | MelkorAJ · wall_segment Palisade Wall x1 |
| 9:39 | MelkorAJ · wall_segment Palisade Wall x1 |
| 9:40 | MelkorAJ · age_up feudal |
| 9:40 | MelkorAJ · wall_segment Palisade Wall x1 |
| 9:41 | MelkorAJ · wall_segment Palisade Wall x1 |
| 9:41 | MelkorAJ · wall_segment Palisade Wall x1 |
| 10:12 | MelkorAJ · first_building Archery Range |
| 11:26 | MelkorAJ · wall_segment Palisade Wall x1 |
| 12:39 | ArcherX · age_up feudal |
| 12:44 | ArcherX · first_building Archery Range |
| 13:21 | MelkorAJ · wall_segment Palisade Wall x6 |
| 15:12 | MelkorAJ · wall_segment Palisade Wall x9 |
| 15:59 | MelkorAJ · wall_segment Palisade Wall x1 |
| 17:42 | MelkorAJ · wall_segment Palisade Wall x5 |
| 18:23 | MelkorAJ · wall_segment Palisade Wall x14 |
| 19:09 | MelkorAJ · wall_segment Palisade Wall x5 |
| 19:21 | MelkorAJ · wall_segment Palisade Wall x1 |
| 19:22 | MelkorAJ · wall_segment Palisade Wall x1 |
| 20:26 | ArcherX · age_up castle |
| 20:58 | MelkorAJ · wall_segment Palisade Wall x4 |
| 21:38 | MelkorAJ · wall_segment Palisade Wall x1 |
| 22:00 | MelkorAJ · age_up castle |
| 24:30 | MelkorAJ · first_building Castle |
| 25:49 | ArcherX · wall_segment Palisade Wall x1 |
| 27:49 | ArcherX · wall_segment Palisade Wall x1 |
| 29:08 | ArcherX · first_building Siege Workshop |
| 35:17 | MelkorAJ · first_building Siege Workshop |
| 36:26 | ArcherX · wall_segment Palisade Wall x1 |
| 36:29 | ArcherX · wall_segment Palisade Wall x1 |
| 36:29 | ArcherX · wall_segment Palisade Wall x1 |
| 36:53 | ArcherX · wall_segment Palisade Wall x1 |
| 39:38 | ArcherX · first_building Castle |
| 40:23 | MelkorAJ · age_up imperial |
| 41:28 | ArcherX · resign |
[ ANÁLISIS IA · 1 CRÉDITO ]
¿Qué pasó realmente en esta partida?
Wolo.gg analiza cada decisión: build order, eco, micro, errores típicos por bracket. Análisis personalizado por WhatsApp o Discord en 30 segundos.
Guía civ
Sicilianos
Perfil
Jugador #1955552